 Dungeon Crawl Stone Soup version 0.28.0-53-g5a82cb258f (webtiles) character file.

Game seed: 3862018147336291642

47 Sin92 the Skirmisher (level 3, -1/29 HPs)
             Began as a Demonspawn Fighter on Aug 16, 2022.
             Killed from afar by Natasha (11 damage)
             ... with a magic dart
             ... on level 2 of the Dungeon.
             The game lasted 00:01:02 (771 turns).

Sin92 the Skirmisher (Demonspawn Fighter)            Turns: 771, Time: 00:01:02

Health: -1/29      AC:  6    Str: 18    XL:     3   Next: 48%
Magic:  3/3        EV:  9    Int:  9    God:
Gold:   74         SH:  4    Dex: 12    Spells: 2/2 levels left

rFire   + . .      SeeInvis .   a - +0 war axe
rCold   . . .      Faith    .   c - +0 buckler
rNeg    . . .      Spirit   .   b - +0 scale mail
rPois   .          Reflect  .   (no helmet)
rElec   .          Harm     .   (no cloak)
rCorr   .          Rampage  .   (no gloves)
Will    .....                   (no boots)
Stlth   ..........              e - amulet of the acrobat
HPRegen 0.09/turn               (no ring)
MPRegen 0.08/turn               (no ring)

@: slowed, very slow
A: hooves 1, weakness stinger 1, fire resistance 1
a: no special abilities


You were on level 2 of the Dungeon.
You visited 1 branch of the dungeon, and saw 2 of its levels.

You collected 74 gold pieces.

Inventory:

Hand Weapons
 a - a +0 war axe (weapon)
Armour
 b - a +0 scale mail (worn)
 c - a +0 buckler (worn)
Jewellery
 e - an amulet of the acrobat (around neck)
Scrolls
 g - a scroll of teleportation {unknown}
 i - 2 scrolls of identify {unknown}
Potions
 d - a potion of might
 f - a potion of curing
 j - a potion of brilliance {unknown}


   Skills:
 + Level 3.4 Fighting
 + Level 2.3 Axes
 + Level 3.1 Armour
 + Level 3.1 Shields


You had 2 spell levels left.
You didn't know any spells.
Your spell library was empty.

Dungeon Overview and Level Annotations

Branches:
Dungeon (2/15)

Altars:

Annotations:
D:2 Natasha


Innate Abilities, Weirdness & Mutations

You have large cloven feet.
You have a small tail.
Your flesh is heat resistant. (rF+)


Message History

Natasha is heavily wounded.
You slash the adder! The adder bites you but does no damage. Natasha claws you.
The adder bites you but does no damage.
Natasha mumbles some strange words.
You block the adder's attack.
There are monsters nearby!
You closely miss the adder. Your kick misses the adder.
The adder is almost dead.
You hit Natasha. You block the adder's attack.
Natasha claws you but does no damage. The adder bites you but does no damage.
Natasha stares at you and mumbles some strange words.
The magic dart hits you. The adder closely misses you.
The crimson imp blinks!
There are monsters nearby!
You are too injured to fight recklessly!
There are monsters nearby!
Unknown command.
You are too injured to fight recklessly!
There are monsters nearby!
You are too injured to fight recklessly!
Unknown command.
There are monsters nearby!
You are too injured to fight recklessly!
Unknown command.
Natasha stares at you and mumbles some strange words.
The magic dart hits you!
* * * LOW HITPOINT WARNING * * *
The adder bites you.
* * * LOW HITPOINT WARNING * * *
You block the adder's attack.
You slash the adder!
You kill the adder!
The crimson imp blinks!
Natasha claws you.
* * * LOW HITPOINT WARNING * * *
It was a potion of curing.
You feel better. Natasha claws you. Natasha barely misses you.
It was a potion of mutation.
You feel extremely strange.
You feel resistant to heat.
Natasha stares at you and mumbles some strange words.
The magic dart hits you!
You die...

#.## #... 5..
.. .# ###.#.#
#..[..#
#h#.###
#####@#.#
#..)....#
#.###.### #.#
#.#
############.#
#.#
#............#
#.#
#.############
#.# #.# #.#
..# #.#


You could see Natasha.

Vanquished Creatures
  An adder (D:2)
  A dart slug (D:1)
  4 ball pythons (D:1)
  An endoplasm (D:1)
  3 giant cockroaches (D:1)
  6 goblins
  3 hobgoblins (D:1)
  A kobold (D:1)
  2 quokkas (D:1)
  7 bats
  A frilled lizard (D:2)
  2 rats (D:1)
32 creatures vanquished.

Notes
Turn   | Place    | Note
-------+----------+-------------------------------------------
     0 | D:1      | Sin92 the Demonspawn Fighter began the quest for the Orb.
     0 | D:1      | Reached XP level 1. HP: 18/18 MP: 1/1
    83 | D:1      | Discovered your monstrous ancestry.
    83 | D:1      | Gained mutation: You have large cloven feet. [demonic
                  | ancestry]
    83 | D:1      | Reached XP level 2. HP: 17/24 MP: 2/2
   196 | D:1      | Found a faded altar of an unknown god.
   482 | D:1      | Gained mutation: You have a small tail. [demonic ancestry]
   482 | D:1      | Reached XP level 3. HP: 29/29 MP: 3/3
   761 | D:2      | Noticed Natasha
   771 | D:2      | Gained mutation: Your flesh is heat resistant. (rF+)
                  | [potion of mutation]
   771 | D:2      | Killed from afar by Natasha

Illustrated notes

Levels and vault maps discovered:
D:1:      dpeg_arrival_rhombi, layout_basic, basic_ecumenical_altar,
          minivault_19, minmay_misc_feat_plants
D:2:      layout_loops_ring, basic_altar, uniq_natasha

Skill      XL: |  1  2 |
---------------+-------+-----
Axes           | 2 |  2.3
Shields        | 3 |  3.1
Armour         | 3 |  3.1
Fighting       | |  3.4

Action                   || total
-------------------------++-------
Melee: War axe           ||    69
       Kick              ||    10
       Tailslap          ||     2
  Use: Potion            ||     2
Armor: Scale mail        ||    46
Dodge: Dodged            ||    50
Block: Buckler           ||    21
